 Dungeon Crawl Stone Soup version 0.18-a0-1435-gee79d65 (webtiles) character file.

1646127 Speciesxx the Slayer (level 26, 222/222 HPs)
             Began as a Demonspawn Wanderer on Feb 27, 2016.
             Was an Initiate of Gozag.
             Escaped with the Orb
             ... and 3 runes on Feb 28, 2016!
             The game lasted 03:18:00 (73034 turns).

Speciesxx the Slayer (Demonspawn Wanderer)         Turns: 73034, Time: 03:18:00

Health: 222/222    AC: 48    Str: 32    XL:     26   Next: 89%
Magic:  37/37      EV: 19    Int: 19    God:    Gozag
Gold:   3183       SH: 20    Dex: 16    Spells: 3 memorised, 15 levels left

rFire  + + +     SeeInvis +     a - +9 eveningstar (freeze)
rCold  + . .     Gourm    .     e - +10 plate armour {rF+}
rNeg   + . .     Faith    .     w - +2 shield of Resistance {rF+ rC+ MR+}
rPois  +         Spirit   .     (helmet unavailable)
rElec  +         Dismiss  .     x - +2 cloak {rPois}
rCorr  .         Reflect  +     z - +1 pair of gloves "Ekhlante" {rPois Str+4 Int+3 Dex+2}
SustAt .         Harm     .     A - +2 pair of boots
MR     +++..                    y - +3 amulet of reflection
Stlth  ++........               B - ring of Xirph {+Fly rF+ AC+5 Str+5 Dex-2}
                                V - ring of Gadaq {rElec Str+3 Slay+2 SInv}

@: mighty, gold aura, very slightly contaminated, hasted, very quick, extremely
resistant to hostile enchantments, unstealthy
A: horns 3, slimy green scales 3, clumsy 2, magic resistance 1, negative energy
resistance 1, nightstalker 3, powered by pain 3, 50% torment resistance
a: Potion Petition, Call Merchant, Bribe Branch, Renounce Religion, Evoke Flight
0: Orb of Zot
}: 3/15 runes: decaying, silver, gossamer


You escaped.
You worshipped Gozag.
Gozag was noncommittal.
You were full.

You visited 9 branches of the dungeon, and saw 49 of its levels.
You visited 1 bazaar.
You visited 1 ziggurat, and saw 7 of its levels.
You also visited: Labyrinth, Sewer and Bailey.

You collected 31639 gold pieces.
You spent 12549 gold pieces at shops.
You paid 15907 gold pieces to Gozag.

Inventory:

Hand Weapons
 a - a +9 eveningstar of freezing (weapon)
Missiles
 f - 1322 stones
 R - 5 throwing nets (quivered)
Armour
 e - a +10 plate armour of fire resistance (worn)
 w - the +2 shield of Resistance (worn) {rF+ rC+ MR+}
   (You bought it in a shop on level 2 of the Lair of Beasts)

   It protects you from fire.
   It protects you from cold.
   It affects your resistance to hostile enchantments.
 x - a +2 cloak of poison resistance (worn)
 z - the +1 pair of gloves "Ekhlante" (worn) {rPois Str+4 Int+3 Dex+2}
   (You bought it in a shop on level 2 of the Lair of Beasts)

   It affects your strength (+4).
   It affects your intelligence (+3).
   It affects your dexterity (+2).
   It protects you from poison.
 A - a +2 pair of boots (worn)
Rods
 l - a +1 rod of clouds (12/12)
   (You found it in a labyrinth)
 q - a +7 rod of inaccuracy (12/12)
   (You bought it in a shop on level 13 of the Dungeon)
 D - a +4 rod of clouds (9/9)
   (You found it in a labyrinth)
Jewellery
 y - a +3 amulet of reflection (around neck)
 B - the ring of Xirph (right hand) {+Fly rF+ AC+5 Str+5 Dex-2}
   (You bought it in a shop on level 10 of the Dungeon)

   [ring of protection]

   It affects your AC (+5).
   It affects your strength (+5).
   It affects your dexterity (-2).
   It protects you from fire.
   It lets you fly.
 V - the ring of Gadaq (left hand) {rElec Str+3 Slay+2 SInv}
   (You bought it in a shop on level 10 of the Dungeon)

   [ring of see invisible]

   It affects your strength (+3).
   It affects your accuracy and damage with ranged weapons and melee attacks
   (+2).
   It insulates you from electricity.
   It lets you see invisible.
Wands
 j - a wand of digging (17/24)
 H - a wand of teleportation (9/9)
 I - a wand of hasting (4/9)
 W - a wand of heal wounds (9/9)
Scrolls
 k - a scroll of magic mapping
 o - 10 scrolls of teleportation
 p - 6 scrolls of holy word
 u - 33 scrolls of remove curse
 C - 7 scrolls of fear
 K - 7 scrolls of blinking
 L - a scroll of recharging
 M - a scroll of brand weapon
 N - 9 scrolls of enchant weapon
 O - 4 scrolls of silence
 P - 7 scrolls of identify
 X - 3 scrolls of summoning
 Z - 4 scrolls of fog
Potions
 g - 24 potions of curing
 r - 2 potions of might
 t - 2 potions of cure mutation
 E - 7 potions of agility
 G - 2 potions of cancellation
 J - 9 potions of flight
 Q - 3 potions of invisibility
 T - 3 potions of berserk rage
 U - 5 potions of resistance
 Y - 5 potions of lignification
Miscellaneous
 b - a lamp of fire
 m - 3 phantom mirrors
 n - a sack of spiders {used: 1}
Comestibles
 d - a bread ration
 h - 15 fruits
 S - 17 royal jellies


   Skills:
 + Level 21.1 Fighting
   Level 1.7 Long Blades
 - Level 16.0 Maces & Flails
 - Level 1.0 Throwing
 + Level 18.7 Armour
 + Level 17.2 Dodging
 - Level 14.0 Stealth
 - Level 15.0 Shields
 - Level 20.1 Evocations


You had 15 spell levels left.
You knew the following spells:

 Your Spells              Type           Power        Failure   Level  Hunger
a - Repel Missiles        Chrm/Air       #.....       95%         2    ###....
b - Blink                 Tloc           N/A          95%         2    ###....
c - Deflect Missiles      Chrm/Air       #.........   100%        6    #######


Dungeon Overview and Level Annotations

Branches:
Dungeon (15/15)            Temple (1/1) D:5            Lair (8/8) D:11
  Swamp (4/4) Lair:3       Spider (4/4) Lair:4        Slime (0/6) Lair:7
    Orc (2/2) D:11            Elf (0/3) Orc:2        Vaults (5/5) D:14
  Crypt (0/3) Vaults:3     Depths (5/5) D:15            Zot (5/5) Depths:5

Altars:
Ashenzari
Cheibriados
Dithmenos
Elyvilon
Fedhas
Gozag
Kikubaaqudgha
Makhleb
Nemelex Xobeh
Okawaru
Pakellas
Qazlal
Ru
Sif Muna
Trog
Vehumet
Xom
Yredelemnul
Zin
The Shining One
Beogh

Shops:
D:7 [   D:9 [   D:10 %=   D:11 !   D:13 }   Orc:2 :(!=   Lair:1 ?   Lair:2 *[
Lair:3 ?   Lair:4 ?   Vaults:1 :   Vaults:2 ?(   Vaults:4 (:=*[   Depths:1 [
Depths:5 !

Portals:
Hell: Depths:1 Depths:2 Depths:4 Depths:5
Abyss: Depths:1 Depths:3 Depths:4
Pandemonium: Depths:3 Depths:5

Annotations:
D:4 namelastname112's ghost, amateur DrMo
D:7 namelastname112's ghost, novice DrHu
D:13 Rupert
Lair:6 1 runed door
Lair:7 exclusion: oklob plant
Depths:3 1 exclusion


Innate Abilities, Weirdness & Mutations

You have a pair of large horns on your head.
You are completely covered in slimy green scales (AC +4, rPois).
You resist negative energy.
You are completely attuned to the shadows.
You are powered by pain.
You are somewhat able to resist unholy torments (1 in 2 success).
You are very clumsy. (Dex -4)
You are resistant to hostile enchantments.


Message History

Zapping:
j - a wand of digging (18/24)
Press: ? - help, Shift-Dir - straight line The rock shatters into small pieces.
This wand has 17 charges left.
A lorocyproca comes into view.
You block the lorocyproca's attack.
You sock the lorocyproca! You freeze the lorocyproca.
The lorocyproca is lightly wounded.
You hammer the lorocyproca like a gong!!!
You freeze the lorocyproca! You headbutt the lorocyproca!!
The lorocyproca is almost dead.
You block the lorocyproca's attack.
You closely miss the lorocyproca.
The lorocyproca is almost dead.
You barely miss the lorocyproca.
The lorocyproca is almost dead.
The lorocyproca completely misses you.
You sock the lorocyproca!
You kill the lorocyproca!
There is a staircase leading out of the dungeon here.
You have escaped!

##...#.)##
#...
#...###..#
#... #...#
#..# #...
##...# ##)#
#...
#...####..#
####
##...###...#
#.....##..##
#.........#
####..@.(##
##...##
#####


There were no monsters in sight!

Vanquished Creatures
  An ancient lich (Zot:5)
  2 orbs of fire
  Sojobo (Vaults:5)
  Margery (Depths:4)
  4 curse toes
  2 Killer Klowns (Zot:5)
  Nikola (Swamp:1)
  5 golden dragons
  A profane servitor (Zig:3)
  3 liches
  2 electric golems
  18 tentacled monstrosities
  Jorgrun (Depths:3)
  The ghost of seren the Tortoise, an adept MiFi of Okawaru (Spider:4)
  4 titans (Vaults:5)
  24 Orb Guardians
  2 quicksilver dragons (Depths:5)
  A kraken (shapeshifter) (Depths:5)
  5 sphinxes
  6 death cobs
  A thorn hunter (Swamp:2)
  6 tengu reavers
  Gastronok (Lair:1)
  9 shadow dragons
  12 storm dragons
  10 frost giants
  4 draconian monks
  4 draconian knights
  A deep elf sorcerer (Vaults:5)
  6 fire giants
  2 emperor scorpions
  5 draconian shifters
  Maud (Lair:8)
  An iron dragon (Depths:4)
  12 vault wardens
  Donald (Orc:2)
  7 ghost moths
  3 draconian zealots
  2 balrugs
  5 draconian scorchers
  2 deep elf elementalists (Vaults:5)
  3 orc warlords
  2 spriggan defenders (Depths:5)
  11 ironheart preservers
  21 stone giants
  6 draconian annihilators
  10 very ugly things
  4 vampire knights
  2 reapers (Zig:5)
  13 green draconians
  3 draconian callers
  A war gargoyle (Zig:7)
  A deep elf demonologist (Vaults:5)
  A lorocyproca (D:1)
  2 salamander stormcallers
  4 mottled draconians
  7 black draconians
  7 white draconians
  Azrael (D:12)
  5 red draconians
  6 yellow draconians
  11 spark wasps
  7 purple draconians
  3 deep elf annihilators
  Snorg (D:14)
  13 ettins
  An ettin (shapeshifter) (Depths:2)
  17 fire dragons
  38 vault guards
  A minotaur (Lab)
  9 yaktaur captains
  9 great orbs of eyes
  2 merfolk impalers
  4 deep elf high priests (Vaults:5)
  Josephine (Lair:5)
  24 ice dragons
  A hell beast (Depths:2)
  An iron giant zombie (Depths:1)
  8 entropy weavers
  29 hydras
  3 rakshasas
  2 spriggan air magi
  2 ghost crabs
  A juggernaut simulacrum (Depths:2)
  A caustic shrike simulacrum (Depths:2)
  Erica (D:8)
  Erolcha (D:8)
  5 ogre magi
  6 centaur warriors
  3 catoblepae (Lair:8)
  12 alligators
  29 death yaks
  3 death knights
  6 spriggan berserkers
  3 deep troll shamans
  4 tengu warriors
  A titan zombie (Vaults:4)
  6 orc high priests
  The ghost of namelastname112 the Grappler, a novice DrMo of Cheibriados (D:8)
  2 vampire magi
  3 deep troll earth magi
  Nergalle (Orc:1)
  6 deep elf knights
  8 skeletal warriors
  2 shadow wraiths
  2 salamander mystics
  6 hell knights
  7 unseen horrors
  2 wizards
  A hill giant (shapeshifter) (Vaults:3)
  A gelid demonspawn (Zot:1)
  5 giant orange brains
  30 deep trolls
  A golden dragon skeleton (Depths:2)
  A sea snake (shapeshifter) (Vaults:3)
  4 deep elf archers
  A swamp dragon (shapeshifter) (Vaults:5)
  11 hill giants
  An obsidian statue (Zot:5)
  3 flayed ghosts
  3 spriggan druids
  19 ironbrand convokers
  4 shambling mangroves
  A shadow dragon zombie (Depths:2)
  7 phantasmal warriors
  9 swamp dragons
  An anubis guard (shapeshifter) (Depths:2)
  6 harpies (Vaults:4)
  A lindwurm (Lair:6)
  A putrid demonspawn (Zot:1)
  9 deep elf magi
  2 wolf spiders (shapeshifter)
  Pikel (D:4)
  5 necromancers
  12 orc knights
  8 orc sorcerers
  16 orb spiders
  A frost giant zombie (Vaults:4)
  5 manticores
  10 salamanders
  A shadow dragon skeleton (Depths:2)
  5 cyclopes
  12 hornets
  A shining eye (Depths:1)
  62 ugly things
  The ghost of namelastname112 the Grappler, a novice DrTm of Cheibriados (D:6)
  A cyclops (shapeshifter) (Vaults:2)
  A fire giant skeleton (Depths:1)
  A human zombie (Vaults:4)
  20 moths of wrath
  3 fire giant zombies
  28 wolf spiders
  4 griffons
  4 naga magi (Vaults:2)
  A stone giant skeleton (Vaults:5)
  4 rust devils
  13 elephants
  2 molten gargoyles (Lair:4)
  7 black mambas
  25 vault sentinels
  A guardian serpent (Zig:2)
  Joseph (D:8)
  An eye of devastation (Depths:1)
  2 centaur skeletons
  Psyche (D:7)
  A spiny frog (shapeshifter) (Vaults:5)
  4 torpor snails
  4 gargoyles
  22 spiny frogs
  5 freezing wraiths
  5 kobold demonologists
  3 spriggan zombies
  An elf skeleton (Depths:1)
  A yaktaur (shapeshifter) (Vaults:2)
  35 yaktaurs
  6 rime drakes
  2 tormentors
  2 komodo dragons (shapeshifter)
  12 demonic crawlers
  A hellwing (Depths:3)
  A rime drake (shapeshifter) (Vaults:1)
  3 efreet
  5 komodo dragons
  2 tengu conjurers
  9 trolls
  2 polar bears
  A queen bee (D:9)
  A wind drake (Bailey)
  46 jumping spiders
  10 two-headed ogres
  8 boulder beetles
  A wolf spider simulacrum (Vaults:1)
  A queen bee (shapeshifter) (Vaults:3)
  6 giant leeches
  2 hornet zombies
  A polar bear (shapeshifter) (Vaults:5)
  13 blink frogs
  A boulder beetle (shapeshifter) (Depths:3)
  6 bog bodies
  54 slime creatures
  A fire dragon zombie (Zig:1)
  A stone giant simulacrum (Depths:2)
  2 human simulacra
  11 water elementals
  3 air elementals (Depths:4)
  9 spriggans
  10 shadows
  A vampire (D:10)
  37 tarantellas
  7 wraiths
  5 wyverns
  111 redbacks
  A spriggan (shapeshifter) (Vaults:4)
  A tarantella (shapeshifter) (Vaults:5)
  42 yaks
  A hog (shapeshifter) (D:14)
  Eustachio (D:4)
  28 vampire mosquitoes
  6 basilisks
  A deep troll zombie (Vaults:4)
  2 mottled dragons
  23 swamp worms
  8 hippogriffs
  11 insubstantial wisps
  12 wolves
  19 water moccasins
  Edmund (D:4)
  9 wargs
  A soldier ant (D:12)
  A water moccasin (shapeshifter) (Depths:5)
  6 hell hounds
  18 porcupines
  11 ice beasts
  9 swamp drakes
  An eye of draining (D:9)
  A phantom (D:5)
  4 black bears
  21 wasps
  70 orc warriors
  3 sky beasts
  18 boggarts
  An ettin simulacrum (Vaults:1)
  35 ogres
  A boggart (shapeshifter) (D:14)
  23 centaurs
  21 crocodiles
  5 big kobolds
  27 giant frogs
  A gnoll sergeant (D:8)
  A human skeleton (Vaults:4)
  8 scorpions
  A water moccasin skeleton (D:6)
  An orc simulacrum (Vaults:2)
  38 killer bees
  11 wights
  2 electric eels
  8 howler monkeys
  2 vampire bats (D:9)
  6 crimson imps
  5 lava snakes (Lair:4)
  2 centaur zombies
  38 orc priests
  2 iron imps (Zig:7)
  4 jellies
  16 orc wizards
  Crazy Yiuf (D:2)
  Natasha (thrice) (D:2)
  2 giant frog skeletons
  5 hounds
  Terence (D:2)
  Jessica (D:2)
  8 iguanas
  9 worker ants
  43 sheep
  A hound zombie (D:5)
  2 hound skeletons
  17 gnolls
  21 adders
  61 river rats
  5 shadow imps
  15 oozes
  An adder skeleton (D:5)
  2 worms (D:3)
  2 dart slugs (D:1)
  15 giant geckos
  150 orcs
  3 bats
  A bat skeleton (D:9)
  4 bat zombies (D:9)
  13 giant cockroaches
  9 hobgoblins
  11 jackals
  A quokka (D:11)
  13 ball pythons
  A ball python skeleton (D:4)
  A giant gecko skeleton (D:4)
  21 giant newts
  13 goblins
  A jackal zombie (D:5)
  22 kobolds
  A quokka skeleton (D:7)
  A quokka zombie (D:9)
  9 rats
2535 creatures vanquished.

Vanquished Creatures (collateral kills)
  A frost giant zombie (Zig:7)
  An elf zombie (Zig:7)
  An iron imp (Zig:7)
3 creatures vanquished.

Vanquished Creatures (others)
  An eldritch tentacle (Depths:4)
  2 tengu reavers
  A vault warden (Vaults:3)
  A draconian knight (Zot:4)
  A vault guard (Vaults:5)
  A fire dragon (Depths:3)
  A deep elf high priest (Vaults:5)
  An alligator (Swamp:1)
  A tengu warrior (Depths:3)
  A deep elf knight (Vaults:4)
  3 deep elf archers (Vaults:4)
  2 cyclopes
  7 yaktaurs
  A boulder beetle (Vaults:5)
  A slime creature (Depths:3)
  A redback (Depths:1)
  A swamp worm (Swamp:2)
  An ice beast (Depths:5)
  A boggart (Depths:1)
  An orc (D:4)
  A goblin (Bailey)
  A quokka (D:4)
  A kobold (D:14)
  36 eldritch tentacle segments (Depths:4)
  19 fungi
  2 plants
  4 tentacles (Depths:5)
  24 tentacle segments (Depths:5)
118 creatures vanquished.

Grand Total: 2656 creatures vanquished

Notes
Turn   | Place    | Note
--------------------------------------------------------------
     0 | D:1      | Speciesxx the Demonspawn Wanderer began the quest for the Orb.
     0 | D:1      | Speciesxx set off with: a +2 mace, a +0 ring mail, a +0 buckler, a bread ration
     0 | D:1      | Reached XP level 1. HP: 16/16 MP: 1/1
   295 | D:1      | Gained mutation: You sometimes gain a little power by taking damage. [demonic ancestry]
   295 | D:1      | Reached XP level 2. HP: 15/22 MP: 2/2
   695 | D:1      | Gained mutation: You are partially covered in slimy green scales (AC +2). [demonic ancestry]
   695 | D:1      | Reached XP level 3. HP: 28/28 MP: 3/3
  1324 | D:2      | Reached skill level 3 in Fighting
  1324 | D:2      | Gained mutation: You sometimes gain power by taking damage. [demonic ancestry]
  1324 | D:2      | Reached XP level 4. HP: 12/35 MP: 4/4
  1667 | D:2      | Noticed Natasha
  1682 | D:2      | Killed Natasha
  1805 | D:2      | Noticed Natasha
  1809 | D:2      | Killed Natasha
  1833 | D:2      | Noticed Terence
  1859 | D:2      | Killed Terence
  1859 | D:2      | Reached XP level 5. HP: 31/41 MP: 5/5
  1973 | D:2      | Noticed Jessica
  1980 | D:2      | Killed Jessica
  1983 | D:2      | Noticed Natasha
  1996 | D:2      | Killed Natasha
  2188 | D:2      | Found a deep blue altar of Sif Muna.
  2364 | D:2      | Noticed Crazy Yiuf
  2371 | D:2      | Killed Crazy Yiuf
  2453 | D:2      | Reached skill level 4 in Fighting
  2796 | D:3      | Gained mutation: You have a pair of small horns on your head. [demonic ancestry]
  2796 | D:3      | Reached XP level 6. HP: 48/48 MP: 6/6
  3076 | D:3      | Found a white marble altar of Elyvilon.
  3248 | D:3      | Found a glowing drain.
  3267 | Sewer    | Entered a sewer
  3840 | Sewer    | Gained mutation: You have a pair of horns on your head. [demonic ancestry]
  3840 | Sewer    | Reached XP level 7. HP: 50/55 MP: 7/7
  4490 | D:4      | Reached skill level 5 in Fighting
  4493 | D:4      | Noticed namelastname112's ghost (amateur DrMo)
  4497 | D:4      | Noticed Pikel
  4881 | D:4      | Reached skill level 5 in Maces & Flails
  5024 | D:4      | Killed Pikel
  5024 | D:4      | Reached skill level 6 in Fighting
  5024 | D:4      | Reached XP level 8. HP: 38/65 MP: 8/8
  5346 | D:4      | Noticed Eustachio
  5377 | D:4      | Killed Eustachio
  5459 | D:4      | Noticed Edmund
  5471 | D:4      | Killed Edmund
  5921 | D:5      | Entered Level 5 of the Dungeon
  5942 | D:5      | Found a staircase to the Ecumenical Temple.
  5959 | D:5      | Reached XP level 9. HP: 71/71 MP: 9/9
  5961 | Temple   | Entered the Ecumenical Temple
  6012 | Temple   | Became a worshipper of Gozag Ym Sagoz the Greedy
  6084 | D:5      | Noticed Sigmund
  6086 | D:5      | Noticed Sigmund
  6086 | D:5      | Sigmund changed into Sigmund the iguana
  6091 | D:5      | Killed Sigmund the iguana
  6956 | D:6      | Gained mutation: You are mostly covered in slimy green scales (AC +3). [demonic ancestry]
  6956 | D:6      | Reached XP level 10. HP: 77/77 MP: 10/10
  7067 | D:6      | Noticed namelastname112's ghost (novice DrTm)
  7305 | D:6      | Killed namelastname112's ghost
  7710 | D:6      | Found a radiant altar of Vehumet.
  7710 | D:6      | Found a stormy altar of Qazlal.
  7846 | D:6      | Upgraded the game from 0.18-a0-1426-g3b9a63c to 0.18-a0-1435-gee79d65
  7876 | D:7      | Found a flagged portal.
  7889 | Bailey   | Entered a bailey
  7961 | Bailey   | Noticed an orc sorcerer
  7984 | Bailey   | Killed an orc sorcerer
  7985 | Bailey   | Found an iron altar of Okawaru.
  8590 | Bailey   | Identified the Compendium of Necromancy
  8596 | Bailey   | Noticed a swamp dragon
  8819 | D:7      | Noticed namelastname112's ghost (novice DrHu)
  9702 | D:8      | Noticed Psyche
  9702 | D:8      | Noticed namelastname112's ghost (novice DrMo)
  9737 | D:7      | Killed Psyche
  9737 | D:7      | Reached skill level 7 in Fighting
  9866 | D:8      | Noticed Erica
  9992 | D:8      | Killed Erica
  9992 | D:8      | Reached XP level 11. HP: 84/84 MP: 11/11
 10557 | D:8      | Killed namelastname112's ghost
 10847 | D:8      | Noticed Joseph
 10867 | D:8      | Killed Joseph
 10867 | D:8      | Reached skill level 8 in Fighting
 11090 | D:8      | Noticed Erolcha
 11102 | D:8      | Killed Erolcha
 11372 | D:9      | Found Peghejest's Armour Shoppe.
 11572 | D:9      | Reached skill level 5 in Armour
 11710 | D:9      | Reached skill level 9 in Fighting
 11734 | D:10     | Entered Level 10 of the Dungeon
 11795 | D:9      | Found an ancient bone altar of Kikubaaqudgha.
 12270 | D:10     | Found Pyaci's Food Shop.
 12837 | D:10     | Noticed a hill giant
 12863 | D:10     | Killed a hill giant
 13504 | D:11     | Found a staircase to the Orcish Mines.
 13588 | D:11     | Found a staircase to the Lair.
 13748 | D:11     | Gained mutation: You are completely covered in slimy green scales (AC +4, rPois). [demonic ancestry]
 13748 | D:11     | Reached XP level 12. HP: 85/97 MP: 12/12
 13753 | D:11     | Reached skill level 10 in Fighting
 13902 | D:10     | Bought the ring of Gadaq {rElec Str+3 Slay+2 SInv} for 524 gold pieces
 14388 | D:11     | Found Bivobriu's Distillery.
 14845 | D:12     | Noticed Azrael
 14887 | D:12     | Killed Azrael
 15430 | D:12     | Reached skill level 11 in Fighting
 15914 | D:12     | Noticed a four-headed hydra
 15924 | D:12     | Killed a one-headed hydra
 16475 | D:13     | Noticed a six-headed hydra
 16571 | D:13     | Noticed Rupert
 16575 | D:13     | Paralysed by Rupert for 2 turns
 16971 | D:13     | Reached skill level 12 in Fighting
 16977 | D:13     | Gained mutation: You are slightly more attuned to the shadows. [demonic ancestry]
 16977 | D:13     | Reached XP level 13. HP: 73/108 MP: 13/13
 17938 | Lair:1   | Entered Level 1 of the Lair of Beasts
 17940 | Lair:1   | Found a labyrinth entrance.
 17967 | Lab      | Entered a labyrinth
 18629 | Lab      | Noticed a minotaur
 18637 | Lab      | Killed a minotaur
 18637 | Lab      | Reached skill level 10 in Armour
 18722 | Lab      | Identified a +1 rod of clouds (12/12) (You found it in a labyrinth)
 18723 | Lab      | Identified a +4 rod of clouds (9/9) (You found it in a labyrinth)
 18756 | Lair:1   | Learned a level 2 spell: Repel Missiles
 18759 | Lair:1   | Learned a level 2 spell: Blink
 19352 | Lair:1   | Noticed Gastronok
 19362 | Lair:1   | Killed Gastronok
 20474 | Lair:2   | Reached skill level 13 in Fighting
 21262 | Lair:3   | Found a staircase to the Swamp.
 22367 | Lair:4   | Found a hole to the Spider Nest.
 22708 | Lair:4   | Reached XP level 14. HP: 107/118 MP: 14/14
 23863 | Lair:5   | Reached skill level 5 in Dodging
 24304 | Lair:5   | Noticed Josephine
 24417 | Lair:5   | Killed Josephine
 24835 | Lair:5   | Reached skill level 14 in Fighting
 24990 | Lair:2   | Bought the +2 shield of Resistance {rF+ rC+ MR+} for 698 gold pieces
 24990 | Lair:2   | Bought the +1 pair of gloves "Ekhlante" {rPois Str+4 Int+3 Dex+2} for 673 gold pieces
 25969 | Lair:6   | Found a runed door.
 26160 | Lair:7   | Reached skill level 5 in Shields
 26551 | Lair:7   | Found a staircase to the Slime Pits.
 27457 | Lair:8   | Entered Level 8 of the Lair of Beasts
 27510 | Lair:8   | Noticed Maud
 27532 | Lair:8   | Killed Maud
 27532 | Lair:8   | Gained mutation: You have a pair of large horns on your head. [demonic ancestry]
 27532 | Lair:8   | Reached XP level 15. HP: 89/126 MP: 15/15
 28726 | Lair:8   | Got an ancient battleaxe
 28727 | Lair:8   | Identified the cursed +3 battleaxe of Nycux {venom, Fragile rF+ MR++ SInv} (You found it on level 8 of the Lair of Beasts)
 28794 | Lair:8   | Reached skill level 10 in Shields
 29109 | Lair:8   | Found an ancient bone altar of Kikubaaqudgha.
 29780 | Lair:1   | Bought a scroll of teleportation for 45 gold pieces
 29780 | Lair:1   | Bought a scroll of enchant armour for 112 gold pieces
 29883 | D:10     | Bought the ring of Xirph {+Fly rF+ AC+5 Str+5 Dex-2} for 928 gold pieces
 30027 | Orc:1    | Entered Level 1 of the Orcish Mines
 30054 | Orc:1    | Found an iron altar of Okawaru.
 30325 | Orc:1    | Noticed Nergalle
 30414 | Orc:1    | Killed Nergalle
 30678 | Orc:2    | Entered Level 2 of the Orcish Mines
 30935 | Orc:2    | Found a roughly hewn altar of Beogh.
 31151 | Orc:2    | Found Joqok's Jewellery Boutique.
 31177 | Orc:2    | Found Ilaag's Distillery.
 31192 | Orc:2    | Bought a potion of beneficial mutation for 350 gold pieces
 31192 | Orc:2    | Bought a potion of ambrosia for 80 gold pieces
 31198 | Orc:2    | Gained mutation: You are somewhat resistant to further mutation. [potion of beneficial mutation]
 31566 | Orc:2    | Noticed Donald
 31576 | Orc:2    | Killed Donald
 31651 | Orc:2    | Found a staircase to the Elven Halls.
 32287 | Orc:2    | Noticed an orc warlord
 32306 | Orc:2    | Killed an orc warlord
 32562 | Orc:2    | Found Ruischuwe's Book Boutique.
 32614 | Orc:2    | Reached skill level 15 in Maces & Flails
 32637 | Orc:2    | Found a roughly hewn altar of Beogh.
 32928 | Orc:2    | Found Payly's Antique Weapon Emporium.
 32989 | Orc:2    | Reached XP level 16. HP: 101/133 MP: 16/16
 33599 | D:10     | Bought a +3 amulet of reflection for 300 gold pieces
 33816 | D:14     | Found a burning altar of Makhleb.
 33977 | D:14     | Found a stormy altar of Qazlal.
 34005 | D:14     | Found a gate to the Vaults.
 34655 | D:14     | Noticed Snorg
 34670 | D:14     | Killed Snorg
 35068 | D:15     | Entered Level 15 of the Dungeon
 35469 | D:15     | Found a sacrificial altar of Ru.
 35902 | D:15     | Found a staircase to the Depths.
 36246 | Lair:2   | Bought a glowing ivory wand for 120 gold pieces
 36246 | Lair:2   | Bought an encrusted scale mail for 270 gold pieces
 36248 | Lair:2   | Identified the cursed +0 scale mail "Lazxeshu" {MP+9} (You bought it in a shop on level 2 of the Lair of Beasts)
 36295 | Swamp:1  | Entered Level 1 of the Swamp
 36571 | Swamp:1  | Noticed Nikola
 36714 | Swamp:1  | Killed Nikola
 38362 | Swamp:2  | Noticed a thorn hunter
 38372 | Swamp:2  | Killed a thorn hunter
 38372 | Swamp:2  | Gained mutation: You are significantly more attuned to the shadows. [demonic ancestry]
 38372 | Swamp:2  | Reached XP level 17. HP: 116/139 MP: 17/17
 39066 | Swamp:3  | Lost mutation: You are somewhat resistant to further mutation. [potion of cure mutation]
 39180 | Swamp:3  | Reached skill level 15 in Shields
 39281 | Swamp:3  | Reached skill level 1 in Evocations
 40027 | Swamp:4  | Entered Level 4 of the Swamp
 40195 | Swamp:4  | Reached skill level 5 in Evocations
 40980 | Swamp:4  | Got a decaying rune of Zot
 41386 | Lair:3   | Bought a scroll of acquirement for 988 gold pieces
 41386 | Lair:3   | Bought a scroll of blinking for 142 gold pieces
 41386 | Lair:3   | Bought a scroll of enchant weapon for 142 gold pieces
 41481 | Spider:1 | Entered Level 1 of the Spider Nest
 42239 | Spider:1 | Reached skill level 10 in Evocations
 42989 | Spider:2 | Reached XP level 18. HP: 146/146 MP: 26/26
 44471 | Spider:4 | Entered Level 4 of the Spider Nest
 44471 | Spider:4 | Noticed seren's ghost (adept MiFi)
 44502 | Spider:4 | Killed seren's ghost
 46183 | Spider:4 | Got a gossamer rune of Zot
 47577 | Spider:3 | Reached skill level 15 in Evocations
 47697 | Lair:4   | Bought a scroll of enchant armour for 127 gold pieces
 47697 | Lair:4   | Bought a scroll of acquirement for 884 gold pieces
 48009 | Vaults:1 | Entered Level 1 of the Vaults
 48220 | Vaults:1 | Found Huantup's Book Boutique.
 48484 | Vaults:1 | Reached XP level 19. HP: 152/152 MP: 30/30
 49856 | Vaults:2 | Found Quyc's Antique Weapon Emporium.
 50174 | Vaults:2 | Found a radiant altar of Vehumet.
 50174 | Vaults:2 | Noticed a lich
 50185 | Vaults:2 | Killed a lich
 50604 | Vaults:2 | Bought a scroll of brand weapon for 400 gold pieces
 51223 | Vaults:3 | Found a flickering gateway to a bazaar.
 51599 | Bazaar   | Entered a bazaar
 51794 | Bazaar   | Found Loosch's Gadget Boutique.
 51794 | Bazaar   | Found Bade Vaw's Distillery.
 51820 | Bazaar   | Found Xecret's Magic Scroll Shop.
 51836 | Bazaar   | Found Pogumm's Armour Boutique.
 51896 | Bazaar   | Bought a scroll of acquirement for 728 gold pieces
 51917 | Bazaar   | Bought a potion of haste for 70 gold pieces
 51917 | Bazaar   | Bought a potion of curing for 21 gold pieces
 51917 | Bazaar   | Bought a potion of heal wounds for 35 gold pieces
 51917 | Bazaar   | Bought a potion of might for 28 gold pieces
 51935 | Bazaar   | Bought a scroll of brand weapon for 280 gold pieces
 51935 | Bazaar   | Bought a scroll of summoning for 133 gold pieces
 51935 | Bazaar   | Bought a scroll of identify for 28 gold pieces
 51935 | Bazaar   | Bought a scroll of enchant weapon for 105 gold pieces
 51935 | Bazaar   | Bought a scroll of teleportation for 42 gold pieces
 51935 | Bazaar   | Bought a scroll of enchant armour for 105 gold pieces
 51935 | Bazaar   | Bought a scroll of blinking for 105 gold pieces
 51935 | Bazaar   | Bought a scroll of identify for 28 gold pieces
 52403 | Vaults:3 | Gained mutation: You are completely attuned to the shadows. [demonic ancestry]
 52403 | Vaults:3 | Reached XP level 20. HP: 159/159 MP: 33/33
 52565 | Vaults:3 | Learned a level 6 spell: Deflect Missiles
 52595 | Vaults:3 | Found a staircase to the Crypt.
 52934 | Vaults:4 | Paralysed by an orc sorcerer for 7 turns
 53630 | Vaults:4 | Found Webbany's Assorted Antiques.
 53636 | Vaults:4 | Bought an ancient plate armour for 840 gold pieces
 53636 | Vaults:4 | Identified the cursed +1 plate armour of Free Expression {rElec rPois Str-5} (You bought it in a shop on level 4 of the Vaults)
 53639 | Vaults:4 | Found Pelaba's Jewellery Emporium.
 53697 | Vaults:4 | Found Diongin's Book Shop.
 54072 | Vaults:4 | Found Sastrume's Antique Armour Shoppe.
 54907 | Vaults:4 | Found Nuuvvana's Weapon Boutique.
 55294 | Vaults:5 | Entered Level 5 of the Vaults
 55325 | Vaults:5 | Reached XP level 21. HP: 127/167 MP: 35/35
 55326 | Vaults:5 | Reached skill level 15 in Fighting
 55328 | Vaults:5 | Noticed Sojobo
 55528 | Vaults:5 | Reached skill level 10 in Dodging
 55535 | Vaults:5 | Killed Sojobo
 56082 | Vaults:5 | Got a faintly glowing amber ring
 56179 | Vaults:5 | Reached skill level 16 in Fighting
 56494 | Vaults:5 | Identified the ring "Gasunu" {rC+ Dex+4 Stlth+} (You took it off an orc on level 5 of the Vaults)
 56536 | Vaults:5 | Reached skill level 1 in Stealth
 56745 | Vaults:5 | Identified the Grimoire of Flight and Attacks
 57108 | Vaults:5 | Paralysed by a sphinx for 5 turns
 57158 | Vaults:5 | Got a silver rune of Zot
 57212 | Vaults:5 | Reached skill level 5 in Stealth
 57254 | Vaults:5 | Gained mutation: You resist negative energy. [demonic ancestry]
 57254 | Vaults:5 | Reached XP level 22. HP: 149/178 MP: 36/36
 57524 | Vaults:5 | Noticed a golden dragon
 57789 | Vaults:5 | Killed a golden dragon
 58302 | D:13     | Bought a +7 rod of inaccuracy (12/12) for 1705 gold pieces
 58414 | Depths:1 | Entered Level 1 of the Depths
 58416 | Depths:1 | Found a gateway to a ziggurat.
 58448 | Zig:1    | Entered Level 1 of a ziggurat
 58466 | Zig:2    | Entered Level 2 of a ziggurat
 58497 | Zig:3    | Entered Level 3 of a ziggurat
 58526 | Zig:3    | Reached skill level 10 in Stealth
 58587 | Zig:4    | Entered Level 4 of a ziggurat
 58709 | Zig:5    | Entered Level 5 of a ziggurat
 58820 | Zig:5    | Gained mutation: You are powered by pain. [demonic ancestry]
 58820 | Zig:5    | Reached XP level 23. HP: 185/185 MP: 37/37
 58836 | Zig:6    | Entered Level 6 of a ziggurat
 59204 | Zig:7    | Entered Level 7 of a ziggurat
 59431 | Zig:7    | Got a faintly glowing tin ring
 59437 | Zig:7    | Identified the ring "Esashodo" {SustAt rF+ Int+3 Dex+5} (You found it on level 7 of a ziggurat)
 59440 | Zig:7    | Got a brightly glowing marble ring
 59441 | Zig:7    | Identified the ring "Huymux" {rF++ rN+} (You found it on level 7 of a ziggurat)
 60362 | Depths:1 | Found a one-way gate to the infinite horrors of the Abyss.
 60623 | Depths:1 | Found a gateway to Hell.
 61481 | Depths:2 | Reached skill level 17 in Fighting
 62017 | Depths:3 | Noticed Jorgrun
 62027 | Depths:3 | Killed Jorgrun
 62197 | Depths:3 | Reached XP level 24. HP: 170/195 MP: 37/37
 62435 | Depths:3 | You fall through a shaft!
 62691 | Depths:4 | Noticed Margery
 62702 | Depths:4 | Killed Margery
 62704 | Depths:4 | Reached skill level 15 in Armour
 63383 | Depths:4 | Reached skill level 18 in Fighting
 64137 | Depths:3 | Found a one-way gate leading to the halls of Pandemonium.
 64268 | Depths:5 | Entered Level 5 of the Depths
 65594 | Depths:5 | Reached XP level 25. HP: 187/206 MP: 37/37
 65825 | Depths:5 | Found a gate to the Realm of Zot.
 65829 | Depths:5 | Bought 2 potions of agility for 136 gold pieces
 65829 | Depths:5 | Bought a potion of curing for 51 gold pieces
 65829 | Depths:5 | Bought a potion of curing for 51 gold pieces
 65829 | Depths:5 | Bought a potion of curing for 51 gold pieces
 65829 | Depths:5 | Bought a potion of haste for 170 gold pieces
 65829 | Depths:5 | Bought a potion of beneficial mutation for 595 gold pieces
 65829 | Depths:5 | Bought a potion of curing for 51 gold pieces
 65829 | Depths:5 | Bought a potion of agility for 68 gold pieces
 65829 | Depths:5 | Bought a potion of curing for 51 gold pieces
 65829 | Depths:5 | Bought 2 potions of might for 136 gold pieces
 65829 | Depths:5 | Bought a potion of agility for 68 gold pieces
 65829 | Depths:5 | Bought a potion of heal wounds for 85 gold pieces
 65834 | Depths:5 | Gained mutation: You are resistant to hostile enchantments. [potion of beneficial mutation]
 65845 | Zot:1    | Entered Level 1 of the Realm of Zot
 66565 | Zot:1    | Reached skill level 19 in Fighting
 67505 | Zot:2    | Reached skill level 15 in Dodging
 69773 | Zot:3    | Noticed an orb of fire
 69786 | Zot:3    | Gained mutation: You are clumsy. (Dex -2) [an orb of fire]
 69794 | Zot:3    | Killed an orb of fire
 70067 | Zot:4    | Reached skill level 20 in Fighting
 70113 | Zot:4    | Gained mutation: You are somewhat able to resist unholy torments (1 in 2 success). [demonic ancestry]
 70113 | Zot:4    | Reached XP level 26. HP: 198/218 MP: 37/37
 71080 | Zot:5    | Entered Level 5 of the Realm of Zot
 71486 | Zot:5    | Noticed an ancient lich
 72081 | Zot:5    | Killed an ancient lich
 72082 | Zot:5    | Noticed an orb of fire
 72093 | Zot:5    | Gained mutation: You are very clumsy. (Dex -4) [an orb of fire]
 72097 | Zot:5    | Killed an orb of fire
 72255 | Zot:5    | Reached skill level 21 in Fighting
 72318 | Zot:5    | Got the Orb of Zot
 72372 | Zot:5    | Noticed an orb of fire
 72818 | D:7      | Noticed Cips the pandemonium lord
 73034 | D:$      | Escaped with the Orb!

Vault maps used:
D:1:      dpeg_arrival_round_c
D:2:      lemuel_blue_sif_altar, uniq_crazy_yiuf_cottage, uniq_terence,
          uniq_jessica, uniq_natasha
D:3:      kennysheep_six_static_rooms, overflow_temple_1_default,
          portal_sewer_entry_c, dk_vineyard_3
D:4:      first_bread, uniq_pikel, uniq_edmund, uniq_eustachio
D:5:      minmay_temple_entry_grid, kennysheep_generic_room_13, uniq_sigmund
D:6:      gammafunk_temple_overflow_elements, roderic_whirl
D:7:      enter_bailey_1
D:8:      uniq_psyche, uniq_erolcha, uniq_erica, uniq_joseph
D:9:      kennysheep_vampire_church, serial_glass, glass_columns_b,
          glass_columns_b, item_on_display_a, minmay_strange_pillars,
          feat_on_display, due_unseen_surprise, serial_shops,
          nicolae_shop_competitors_out_of_business
D:10:     serial_shops, kennysheep_mini, the_bakery
D:11:     lair_0_dummy, orc_0_dummy, serial_shops, shop
D:12:     lemuel_old_faithful, uniq_azrael
D:13:     serial_glass, glass_columns_a, glass_columns_a, uniq_rupert
D:14:     lightli_vaults_fourway_checkpoint, hex_tiny, hangedman_feature_mirror,
          st_stairs_1, uniq_snorg
D:15:     grunt_enter_depths_hoard, nicolae_ru_sacrificial_ziggurat
Temple:   nicolae_temple_x_marks_the_god_16
Lair:1:   lab_entry_generic, infiniplex_staircase_pool_2, uniq_gastronok
Lair:2:   grunt_megastairs_3
Lair:3:   minmay_swamp_entry_wisps, nicolae_quartered_pool_little
Lair:4:   cheibrodos_magma_flow, spider_nest_entry_rubble, serial_bayou_shore_b
Lair:5:   uniq_josephine
Lair:6:   pf_torpor_hydra, grunt_megastairs_2
Lair:7:   minmay_slime_entry_oklob_open, serial_bayou_shore_a,
          grunt_megastairs_5
Lair:8:   evilmike_catoblepas_cave, basic_altar, kennysheep_basilisk_garden,
          uniq_maud
Swamp:1:  nicolae_swamp_dense_foliage, cheibrodos_swamp_kobolds,
          infiniplex_staircase_pool, uniq_nikola
Swamp:2:  hangedman_swamp_pad, swamp_pool3
Swamp:3:  evilmike_swamp_ruin_house_3, nicolae_swamp_round_clearing, swamp_pool1
Swamp:4:  swamp, swamp_pool4
Spider:1: spider_trap
Spider:2: spider_trap
Spider:3: nicolae_spider_circle_web
Spider:4: spider_rune_water
Orc:1:    okawaru_metal_pillars_1_2, uniq_nergalle
Orc:2:    pubby_orc_utopia, uniq_donald
Vaults:1: st_squares, vaults_mumra_minichess_inversion, v_misc_15,
          vaults_standard_mumra_x, nicolae_vaults_little_squares_1,
          hangedman_vaults_snaps, vaults_dpeg_encased_lava, serial_shops, shop
Vaults:2: grunt_tower_of_power, nicolae_vaults_little_squares_4,
          vaults_room_pools, hangedman_vaults_restitches,
          hangedman_vaults_stream, hangedman_vaults_trim, v_pattern_3,
          v_misc_29, v_misc_25, v_alt_pattern_2, vaults_dpeg_ring, serial_shops,
          shop
Vaults:3: v_misc_25, vaults_room_semicircle, v_misc_2, vaults_room_pool,
          grunt_vaults_twisty, vaults_standard_mumra_lines, v_misc_3,
          ontoclasm_vaults_ligature, v_misc_19, hangedman_vaults_trim,
          nicolae_vaults_diagonal_hallway_7, nicolae_vaults_border_crossing,
          dummy_crypt_entry, serial_shops, freezing_bzr
Vaults:4: hangedman_vaults_impose, ontoclasm_vaults_decontamination,
          grunt_vaults_bifocal, nicolae_vaults_disjoint_gnomons, v_misc_1,
          v_pattern_2, ontoclasm_vaults_misaligned, ontoclasm_vaults_hangar,
          v_misc_32, st_spiral_rooms, v_misc_30, serial_shops, shop,
          shop_fountains, shop, shop, shop
Vaults:5: uniq_sojobo
Depths:1: enter_ziggurat_c, hell_entry, abyss_entry, roderic_serpentine_path,
          kennysheep_generic_room_6
Depths:2: minmay_curly_fans, grunt_mini_vestibule, kennysheep_generic_room_10,
          infiniplex_staircase_river
Depths:3: lemuel_ice_spiral_1, abyss_entry_small_statue_room, hellmouth_1,
          pan_entry, kennysheep_nondescript, minmay_staircase_windowed_large,
          uniq_jorgrun
Depths:4: kennysheep_room_grid, abyss_entry_crystal, hell_entry, uniq_margery
Depths:5: grunt_runaround, pan_entry, hell_entry
Lab:      nicolae_lab_very_dead_end, lab_statue, nicolae_lab_x,
          nicolae_lab_hexagon, lab_block, nicolae_lab_checkerboard,
          labyrinth_lava_lair
Bazaar:   bazaar_jpeg_honeycomb
Sewer:    sewer_frog_island_02
Bailey:   bailey_axe_of_yendor_kennysheep, bailey

Skill      XL: |  1  2  3  4  5  6  7  8  9 10 11 12 13 14 15 16 17 18 19 20 21 22 23 24 25 26 |
---------------+-------------------------------------------------------------------------------+-----
Maces & Flails | 2 3 4 6 12 13 14 15 16 | 16.0
Shields        | 2 3 4 8 11 14 15 | 15.0
Fighting       | 3 4 6 7 9 12 13 14 16 17 18 20 21 | 21.1
Armour         | 2 6 9 11 12 13 14 16 17 18 | 18.7
Dodging        | 4 7 9 11 12 14 15 17 | 17.2
Evocations     | 10 15 19 20 | 20.1
Stealth        | 5 12 14 | 14.0
Long Blades    | |  1.7
Throwing       | |  1.0

Action                   |  1- 3 |  4- 6 |  7- 9 | 10-12 | 13-15 | 16-18 | 19-21 | 22-24 | 25-27 || total
-------------------------+-------+-------+-------+-------+-------+-------+-------+-------+-------++-------
Melee: Mace              |   136 |   362 |    84 |       |       |       |       |       |       ||   582
       Whip              |       |       |   155 |  1247 |  1826 |       |       |       |       ||  3228
       Scimitar          |       |       |       |     7 |     2 |       |       |       |       ||     9
       Eveningstar       |       |       |       |       |   383 |  2074 |  1437 |  1398 |   924 ||  6216
Throw: Stone             |       |     5 |       |    11 |     3 |     3 |     1 |     1 |     2 ||    26
       Throwing net      |       |       |       |       |       |       |       |       |     5 ||     5
Invok: Call Merchant     |       |       |       |     2 |     3 |     3 |     1 |     1 |     1 ||    11
       Potion Petition   |       |       |       |       |     1 |       |     2 |       |       ||     3
Evoke: Wand              |       |       |     2 |     9 |    10 |     4 |       |     4 |    23 ||    52
       Rod               |       |       |       |       |       |       |     9 |     9 |     3 ||    21
       Lamp of fire      |       |       |       |       |       |       |       |     1 |       ||     1
       Sack of spiders   |       |       |       |       |       |       |       |     1 |       ||     1
  Use: Scroll            |       |     5 |     6 |    15 |     7 |    24 |    13 |    19 |    18 ||   107
       Potion            |       |       |     2 |    16 |     4 |     3 |    14 |     2 |    13 ||    54
 Stab: Paralysed         |       |       |       |    10 |       |       |       |       |       ||    10
       Distracted        |       |       |       |     6 |    11 |    21 |     9 |    28 |    15 ||    90
       Held in net/web   |       |       |       |       |       |     1 |       |       |       ||     1
       Invisible         |       |       |       |       |       |       |     3 |       |       ||     3
       Sleeping          |       |       |       |       |       |       |       |    24 |    14 ||    38
  Eat: Chunk             |     2 |     3 |       |       |       |       |       |       |       ||     5
       Fruit             |       |     2 |     5 |    13 |       |       |       |       |       ||    20
       Meat ration       |       |     1 |       |     2 |     8 |     4 |     3 |     4 |     2 ||    24
       Bread ration      |       |       |     1 |     2 |     3 |     5 |     5 |     1 |     4 ||    21
       Pizza             |       |       |       |     1 |     2 |     2 |     1 |       |     1 ||     7
       Beef jerky        |       |       |       |     1 |     1 |     4 |       |     2 |       ||     8
